 Dungeon Crawl Stone Soup version 0.21.1-1-g345015f (webtiles) character file.

5 inc the Vexing (level 1, 0/7 HPs)
             Began as a Felid Enchanter on Mar 2, 2018.
             Slain by a jackal (1 damage)
             ... on level 1 of the Dungeon.
             The game lasted 00:01:55 (273 turns).

inc the Vexing (Felid Enchanter)                     Turns: 273, Time: 00:01:56

Health: 0/7        AC:  1    Str:  4    XL:     1   Next: 66%
Magic:  4/4        EV: 18    Int: 16    God:
Gold:   13         SH:  0    Dex: 16    Spells: 3/4 levels left
                                        Lives:  0   Deaths: 0

rFire    . . .     SeeInvis +     - Unarmed
rCold    . . .     Gourm    .   (shield unavailable)
rNeg     . . .     Faith    .   (armour unavailable)
rPois    .         Spirit   .   (helmet unavailable)
rElec    .         Reflect  .   (cloak unavailable)
rCorr    .         Harm     .   (gloves unavailable)
MR       .....                  (boots unavailable)
Stlth    +++.......             (no amulet)
HPRegen  0.02/turn              (no ring)
MPRegen  0.09/turn              (no ring)

@: quick
A: very small, no armour, no weapons or thrown items, stealth, claws 1, fangs 3,
see invisible, carnivore, speed 1, shaggy fur 1, slow metabolism 1, sharp paws
a: no special abilities


You were on level 1 of the Dungeon.
You were not hungry.

You visited 1 branch of the dungeon, and saw 1 of its levels.

You collected 13 gold pieces.

Inventory:

Potions
 c - a potion of curing {unknown}
 d - a potion of mutation {unknown}
Books
 a - a book of Maledictions

   Spells                             Type                      Level
   a - Corona                         Hexes                        1
   b - Ensorcelled Hibernation        Hexes/Ice                    2
   c - Confuse                        Hexes                        3
   d - Tukima's Dance                 Hexes                        3
   e - Dazzling Spray                 Conjuration/Hexes            3
Comestibles
 b - 2 rations


   Skills:
 - Level 2.6 Dodging
 - Level 4.0 Stealth
 + Level 1.8 Unarmed Combat
 - Level 2.0 Spellcasting
 - Level 4.4 Hexes


You had 3 spell levels left.
You knew the following spells:

 Your Spells              Type           Power        Failure   Level  Hunger
a - Corona                Hex            ###....      3%          1    #......


Dungeon Overview and Level Annotations

Branches:
Dungeon (1/15)

Altars:


Innate Abilities, Weirdness & Mutations

You cannot wear armour.
You are incapable of wielding weapons or throwing items.
Your paws allow you to move quietly. (Stealth)
You have sharp claws.
You have razor-sharp teeth.
You have supernaturally acute eyesight. (SInv)
You are carnivorous and can eat meat at any time.
You cover ground quickly.
You are covered in fur. (AC +1)
You have a slow metabolism.
Your sharp claws are effective at attacking unaware monsters.


Message History

You scratch the jackal but do no damage.
The jackal bites you. x2
You scratch the jackal. You bite the jackal, but do no damage.
The jackal is moderately wounded.
The jackal bites you.
* * * LOW HITPOINT WARNING * * *
The jackal misses you.
You scratch the jackal.
The jackal is heavily wounded.
The jackal misses you.
You barely miss the jackal.
The jackal is heavily wounded.
The jackal misses you. The jackal closely misses you.
You scratch the jackal but do no damage.
The jackal is lightly wounded.
The jackal completely misses you.
You scratch the jackal but do no damage.
The jackal is lightly wounded.
The jackal stops glowing.
The jackal bites you.
You die...

#... #.##...#.# .
#...##.##...#.### ..
+.......'...+...# ...
#.......#...#.#†# ...h ###.#
#.......#...#.#.#####...h. .....
........................... .##.#
#####..........#...........
.##.#.#.#...#..........#####.....
................@h...............
.##.#....##.#.########.#.###.####
###+#....##.....# #.#.###.#
.........##(....#### #.#.....
.................((###.#.....
......#.###....((.(..#.#....
......#.......####...........
..........#...######.#.#####+#
##...)....#...................


You could see a jackal.

Vanquished Creatures
  A giant cockroach (D:1)
  2 kobolds (D:1)
  2 frilled lizards (D:1)
  A rat (D:1)
6 creatures vanquished.

Vanquished Creatures (others)
  4 toadstools (D:1)
4 creatures vanquished.

Grand Total: 10 creatures vanquished

Notes
Turn   | Place    | Note
-------+----------+-------------------------------------------
     0 | D:1      | inc the Felid Enchanter began the quest for the Orb.
     0 | D:1      | Reached XP level 1. HP: 7/7 MP: 4/4
   273 | D:1      | Slain by a jackal

Action                   || total
-------------------------++-------
Melee: Unarmed           ||    20
       Bite              ||     1
 Cast: Corona            ||     3
 Stab: Sleeping          ||     2
  Eat: Chunk             ||     1
Dodge: Dodged            ||    20
